 Dungeon Crawl Stone Soup version 0.21-a0-297-ga3d34c2 (webtiles) character file.

19959 motkurip the Cleaver (level 12, -2/100 HPs)
             Began as a Barachi Venom Mage on Sept 28, 2017.
             Was the Champion of Cheibriados.
             Slain by an orc knight
             ... wielding a +2 halberd
              (38 damage)
             ... on level 2 of the Orcish Mines.
             The game lasted 00:44:53 (6358 turns).

motkurip the Cleaver (Barachi Venom Mage)           Turns: 6358, Time: 00:44:54

Health: -2/100     AC: 13    Str: 26    XL:     12   Next: 74%
Magic:  0/18       EV: 22    Int: 32    God:    Cheibriados [******]
Gold:   489        SH: 11    Dex: 34    Spells: 12/19 levels left

rFire    + + .     SeeInvis +   U - +0 war axe (vamp)
rCold    + . .     Gourm    .   i - +3 warlock's mirror {reflect}
rNeg     . . .     Faith    +   P - +1 scale mail of Autumn {+Inv} (curse)
rPois    +         Spirit   .   T - +1 helmet {SInv}
rElec    +         Reflect  +   W - +0 cloak {rF+}
rCorr    +         Harm     .   (no gloves)
MR       .....                  g - +0 pair of boots
Stlth    ++........             v - amulet of faith
HPRegen  0.26/turn              q - ring of resist corrosion
MPRegen  0.16/turn              e - +4 ring of dexterity

@: resistant, radiating poison, flying, very slow
A: +LOS, swims, slowness 1, strong legs 1
a: Hop, Bend Time, Temporal Distortion, Slouch, Step From Time, Renounce
Religion, Evoke Invisibility


You were on level 2 of the Orcish Mines.
You worshipped Cheibriados.
Cheibriados was exalted by your worship.
You were very hungry.

You visited 3 branches of the dungeon, and saw 13 of its levels.
You also visited: Volcano.

You collected 1038 gold pieces.
You spent 549 gold pieces at shops.

Inventory:

Hand Weapons
 t - a +1 broad axe of flaming
 U - a +0 vampiric war axe (weapon)
 Z - a +0 battleaxe of flaming
Armour
 g - a +0 pair of boots (worn)
 i - the +3 warlock's mirror (worn) {reflect}
   (You found it on level 9 of the Dungeon)
 m - a +0 large shield
 p - a +0 robe of magic resistance
 w - a +1 ring mail of poison resistance
 x - a +0 helmet
 N - a +0 shield
 P - the cursed +1 scale mail of Autumn (worn) {+Inv}
   (You bought it in a shop on level 1 of the Orcish Mines)

   It lets you turn invisible.
   It has a curse placed upon it.
 R - the +0 pair of boots of Esoxodgh {MR- Str+5 Dex+5}
   (You found it on level 8 of the Dungeon)

   It affects your strength (+5).
   It affects your dexterity (+5).
   It affects your resistance to hostile enchantments.
 T - a +1 helmet of see invisible (worn)
 V - a +1 robe of fire resistance
 W - a +0 cloak of fire resistance (worn)
 Y - a +0 leather armour of fire resistance
Jewellery
 e - a +4 ring of dexterity (right hand)
 q - a ring of resist corrosion (left hand)
 v - an amulet of faith (around neck)
Wands
 a - a wand of flame (0/48)
 s - a wand of confusion (6/48)
 y - a wand of acid (0/15)
 Q - a wand of paralysis (2/24)
Scrolls
 d - a scroll of magic mapping
 h - 3 scrolls of teleportation
 l - a scroll of enchant weapon {unknown}
 o - a scroll of enchant armour {unknown}
 u - a scroll of immolation {unknown}
 z - a scroll of random uselessness {unknown}
 A - 2 scrolls of blinking
 E - 2 scrolls of vulnerability
 I - 2 scrolls of recharging {unknown}
 J - 2 scrolls of remove curse
 O - a scroll of amnesia {unknown}
Potions
 f - 2 potions of brilliance
 j - 2 potions of curing
 r - a potion of might {unknown}
 C - a potion of agility
 D - a potion of degeneration {unknown}
 G - a potion of resistance
 H - a potion of heal wounds {unknown}
 L - a potion of cancellation
 M - a potion of lignification {unknown}
 S - 2 potions of flight
 X - a potion of berserk rage {unknown}
Books
 b - a Young Poisoner's Handbook

   Spells                             Type                      Level
   a - Sting                          Conjuration/Poison           1
   b - Poisonous Vapours              Poison/Air                   2
   c - Mephitic Cloud                 Conjuration/Poison/Air       3
   d - Olgreb's Toxic Radiance        Poison                       4
   e - Venom Bolt                     Conjuration/Poison           5
 B - a book of Conjurations

   Spells                             Type                      Level
   a - Magic Dart                     Conjuration                  1
   b - Searing Ray                    Conjuration                  2
   c - Dazzling Spray                 Conjuration/Hexes            3
   d - Fulminant Prism                Conjuration/Hexes            4
   e - Force Lance                    Conjuration/Translocation    4
   f - Iskenderun's Mystic Blast      Conjuration                  4
Miscellaneous
 k - a phantom mirror
Comestibles
 c - 4 bread rations
 n - 2 meat rations


   Skills:
 - Level 11.3 Fighting
 + Level 11.6(12.3) Axes
   Level 7.1(10.3) Maces & Flails
 + Level 7.0 Armour
 - Level 10.1 Dodging
 - Level 1.7 Stealth
 - Level 6.0 Shields
 - Level 4.0 Spellcasting
 - Level 1.1 Conjurations
 - Level 6.2 Poison Magic


You had 12 spell levels left.
You knew the following spells:

 Your Spells              Type           Power        Failure   Level  Hunger
a - Sting                 Conj/Pois      ####         2%          1    None
f - Poisonous Vapours     Pois/Air       ####..       4%          2    None
g - Olgreb's Toxic Radia  Pois           #####...     9%          4    ###....


Dungeon Overview and Level Annotations

Branches:
Dungeon (10/15)            Temple (1/1) D:5             Orc (2/2) D:10
    Elf (0/3) Orc:2
   Lair: D:8-11

Altars:
Cheibriados
Dithmenos
Elyvilon
Gozag
Makhleb
Nemelex Xobeh
Qazlal
Ru
Sif Muna
Trog
Uskayaw
Wu Jian
Xom
Yredelemnul
The Shining One
Beogh
Jiyva

Shops:
D:4 [   D:8 }   Orc:1 [


Innate Abilities, Weirdness & Mutations

Shadows flee at your approach. (+LOS)
You can swim through water.
You cover ground slowly.
You can hop short distances.


Message History

An orc warrior comes into view. It is wielding a war axe.
Casting: Olgreb's Toxic Radiance
Confirm with . or Enter, or press ? or * to list all spells.
You begin to radiate toxic energy.
The orc warrior is poisoned. x2
The orc is poisoned.
The orc warrior is poisoned.
The centaur is poisoned.
The orc knight is poisoned.
The troll is poisoned.
The orc warlord is poisoned.
The orc warrior is poisoned.
You kill the centaur!
Cheibriados appreciates the change of pace.
The orc knight closely misses you. You block the orc warrior's attack.
The troll bites you! The troll barely misses you. The troll claws you.
You closely miss the orc knight.
The orc knight is moderately wounded.
You hit the troll.
You feel better.
The orc warrior looks even sicker. x2
The orc looks even sicker.
The orc warrior looks even sicker.
You kill the orc warrior!
Cheibriados thoroughly appreciates the change of pace.
Your Armour skill increases to level 7!
The orc knight hits you with an enchanted halberd!!!
You die...

...(.)$.#.....#
.....).(()..(##
..(..$..[)>)(#
.....).#.)#(##
....$....)########
######
........).........
.....
.......)).o........
.... ..##..##ooT##
##..##..##
..o..)ho≈@#
........(#
..(†..)≈(≈#
.......c((
.....≈≈≈≈##
≈≈........
...≈≈≈≈###
≈≈≈≈...... .(≈≈≈≈#
#≈≈≈≈.)... ......
.o)oo).... .o....
..).co)... ..≈≈≈
#≈≈≈≈.c... ...≈
≈≈≈≈....c.


You could see an orc warlord, an orc knight, a troll, a warg, 3 orc warriors and
an orc.

Vanquished Creatures
  A red draconian (Volcano)
  2 ogre magi
  8 two-headed ogres
  Erica (D:8)
  A centaur warrior (Orc:2)
  An unseen horror (D:10)
  An orc knight (D:9)
  An orc sorcerer (Orc:2)
  2 molten gargoyles (Volcano)
  A hippogriff (D:10)
  A wraith (D:10)
  3 yaks (D:9)
  5 fire bats (Volcano)
  A hungry ghost (D:9)
  Menkaure (D:4)
  4 wargs
  Edmund (D:4)
  19 orc warriors
  3 black bears
  An eye of draining (D:8)
  3 sky beasts
  7 ogres
  2 phantoms
  9 centaurs
  A big kobold (D:8)
  5 bullfrogs
  4 scorpions
  3 wights (D:7)
  2 howler monkeys
  4 crimson imps
  2 centaur zombies
  5 lava snakes (Volcano)
  A bullfrog zombie (D:9)
  5 hounds
  2 jellies
  18 orc priests
  3 bullfrog skeletons
  3 centaur skeletons
  2 iguanas
  11 orc wizards
  4 worker ants
  Robin (D:4)
  A worker ant zombie (D:5)
  10 adders
  A shadow imp (D:10)
  2 adder skeletons
  2 worms
  2 dart slugs
  5 leopard geckos
  64 orcs
  2 ball pythons
  6 giant cockroaches
  18 goblins
  4 hobgoblins
  7 jackals
  8 kobolds
  A quokka (D:2)
  4 bats
  8 frilled lizards
  A quokka zombie (D:5)
  5 rats
306 creatures vanquished.

Vanquished Creatures (others)
  A wizard (D:6)
  2 orc warriors (Orc:2)
  2 centaurs (Orc:2)
5 creatures vanquished.

Grand Total: 311 creatures vanquished

Notes
Turn   | Place    | Note
-------+----------+-------------------------------------------
     0 | D:1      | motkurip the Barachi Venom Mage began the quest for the Orb.
     0 | D:1      | Reached XP level 1. HP: 13/13 MP: 3/3
   152 | D:1      | Reached XP level 2. HP: 6/19 MP: 0/5
   319 | D:1      | Learned a level 2 spell: Poisonous Vapours
   667 | D:1      | Reached XP level 3. HP: 24/24 MP: 3/6
   926 | D:2      | Reached skill level 5 in Poison Magic
  1113 | D:2      | Found a glowing golden altar of the Shining One.
  1113 | D:2      | Reached XP level 4. HP: 30/30 MP: 2/7
  1123 | D:2      | Learned a level 4 spell: Olgreb's Toxic Radiance
  1285 | D:3      | Reached XP level 5. HP: 8/35 MP: 0/8
  1364 | D:3      | Reached skill level 1 in Fighting
  1555 | D:3      | Reached XP level 6. HP: 38/46 MP: 3/10
  1770 | D:4      | Noticed Edmund
  1786 | D:4      | Killed Edmund
  1805 | D:4      | Found a sparkling altar of Nemelex Xobeh.
  1808 | D:4      | Found a shimmering altar of Xom.
  1809 | D:4      | Noticed Robin
  1815 | D:4      | Killed Robin
  1817 | D:4      | Reached XP level 7. HP: 26/54 MP: 2/12
  1908 | D:4      | Found Weomois's Armour Emporium.
  1911 | D:4      | Noticed Menkaure
  1916 | D:4      | HP: 2/55 [bullfrog skeleton (7)]
  2187 | D:4      | Reached skill level 1 in Maces & Flails
  2194 | D:4      | Reached skill level 5 in Fighting
  2203 | D:4      | Found a basalt altar of Yredelemnul.
  2234 | D:5      | Entered Level 5 of the Dungeon
  2260 | D:5      | Found a hide-covered altar of Uskayaw.
  2284 | D:5      | Found a staircase to the Ecumenical Temple.
  2294 | Temple   | Entered the Ecumenical Temple
  2301 | Temple   | Became a worshipper of Cheibriados the Contemplative
  2353 | D:5      | Found a stormy altar of Qazlal.
  2354 | D:5      | Noticed a water elemental
  2354 | D:5      | Noticed a fire elemental
  2354 | D:5      | Noticed an air elemental
  2358 | D:5      | Found an opulent altar of Gozag.
  2358 | D:5      | Found a sacrificial altar of Ru.
  2505 | D:5      | Got a slimy short sword
  2506 | D:5      | Identified the +4 short sword "Agydyrem" {freeze, +Fly rElec rF-} (You found it on level 5 of the Dungeon)
  2531 | D:5      | Reached XP level 8. HP: 46/63 MP: 7/14
  2720 | D:6      | Found a bloodstained altar of Trog.
  2892 | D:6      | Reached * piety under Cheibriados
  2894 | D:6      | Reached skill level 5 in Dodging
  2946 | D:6      | Found a shadowy altar of Dithmenos.
  3301 | D:7      | Reached ** piety under Cheibriados
  3301 | D:7      | Reached skill level 5 in Maces & Flails
  3301 | D:7      | Reached XP level 9. HP: 49/72 MP: 12/15
  3542 | D:8      | Found a white marble altar of Elyvilon.
  3704 | D:8      | Found a burning altar of Makhleb.
  3724 | D:8      | Noticed Erica
  3733 | D:8      | Killed Erica
  3800 | D:8      | Got a pair of shimmering boots
  3811 | D:8      | Identified the +0 pair of boots of Esoxodgh {MR- Str+5 Dex+5} (You found it on level 8 of the Dungeon)
  3823 | D:8      | Reached *** piety under Cheibriados
  3941 | D:8      | Reached XP level 10. HP: 78/83 MP: 12/16
  3972 | D:8      | Found Eculeemn's Gadget Emporium.
  4061 | D:6      | Found an ornate altar of the Wu Jian Council.
  4161 | D:4      | Killed Menkaure
  4185 | D:4      | Bought a +0 shield for 54 gold pieces
  4274 | D:6      | Noticed a wizard
  4275 | D:6      | Killed a wizard
  4426 | D:9      | Found the +3 warlock's mirror {reflect}
  4487 | D:9      | Reached skill level 1 in Armour
  4487 | D:9      | Reached skill level 1 in Shields
  4489 | D:9      | Found a deep blue altar of Sif Muna.
  4627 | D:9      | Reached **** piety under Cheibriados
  4822 | D:10     | Entered Level 10 of the Dungeon
  4966 | D:10     | Killed an unseen horror
  4966 | D:10     | Reached skill level 10 in Fighting
  4966 | D:10     | Reached skill level 5 in Shields
  5010 | D:10     | Reached ***** piety under Cheibriados
  5066 | D:10     | Noticed an orc knight
  5107 | D:9      | Killed an orc knight
  5107 | D:9      | Reached XP level 11. HP: 27/93 MP: 3/17
  5148 | D:10     | Found a roughly hewn altar of Beogh.
  5148 | D:10     | Found a staircase to the Orcish Mines.
  5183 | Orc:1    | Entered Level 1 of the Orcish Mines
  5236 | Orc:1    | Found a dark tunnel.
  5259 | Orc:1    | Noticed a two-headed ogre
  5259 | Orc:1    | Noticed a two-headed ogre
  5260 | Orc:1    | Noticed an ogre mage
  5260 | Orc:1    | Noticed a two-headed ogre
  5263 | Orc:1    | Noticed a two-headed ogre
  5272 | Orc:1    | Killed a two-headed ogre
  5280 | Orc:1    | Killed an ogre mage
  5280 | Orc:1    | Reached skill level 10 in Dodging
  5376 | Volcano  | Entered a volcano
  5397 | Volcano  | Reached skill level 1 in Axes
  5494 | Volcano  | Noticed a two-headed ogre
  5509 | Volcano  | HP: 3/93 [two-headed ogre/great mace of flaming (7)]
  5510 | Volcano  | Killed a two-headed ogre
  5627 | Volcano  | Found a burning altar of Makhleb.
  5627 | Volcano  | Noticed a two-headed ogre
  5627 | Volcano  | Noticed an ogre mage
  5627 | Volcano  | Noticed a two-headed ogre
  5633 | Volcano  | Killed a two-headed ogre
  5633 | Volcano  | Reached skill level 5 in Axes
  5634 | Volcano  | Killed a two-headed ogre
  5636 | Volcano  | Killed an ogre mage
  5657 | Volcano  | Noticed a two-headed ogre
  5667 | Volcano  | Killed a two-headed ogre
  5667 | Volcano  | Reached XP level 12. HP: 14/100 MP: 12/18
  5767 | Volcano  | Noticed a red draconian
  5902 | Volcano  | Killed a red draconian
  5988 | Orc:1    | Reached ****** piety under Cheibriados
  5990 | Orc:1    | Killed a two-headed ogre
  5990 | Orc:1    | Reached skill level 10 in Axes
  6046 | Orc:1    | Killed a two-headed ogre
  6051 | Orc:1    | Killed a two-headed ogre
  6092 | Orc:1    | Found Bamil's Antique Armour Emporium.
  6105 | Orc:1    | Bought a dazzling scale mail for 270 gold pieces
  6105 | Orc:1    | Bought a runed helmet for 225 gold pieces
  6125 | Orc:1    | Identified the cursed +1 scale mail of Autumn {+Inv} (You bought it in a shop on level 1 of the Orcish Mines)
  6241 | Orc:2    | Entered Level 2 of the Orcish Mines
  6241 | Orc:2    | Noticed a centaur warrior
  6246 | Orc:2    | Killed a centaur warrior
  6246 | Orc:2    | Reached skill level 5 in Armour
  6246 | Orc:2    | Found a staircase to the Elven Halls.
  6314 | Orc:2    | Noticed an orc warlord
  6358 | Orc:2    | Slain by an orc knight

Vault maps used:
D:1:      tarquinn_simple_flora_water_b
D:2:      nicolae_overflow_crystal_walls
D:3:      cheibrodos_pilgrimage
D:4:      overflow_temple_1_default, grunt_temple_overflow_open, first_bread,
          serial_shops, shop_coins, uniq_edmund, uniq_robin, uniq_menkaure
D:5:      kennysheep_little_box, chequers_temple_overflow_statue_of_worship,
          nicolae_qazlal_style_of_elements, temple_pool_b
D:6:      nicolae_overflow_hidden_temple, lemuel_crystal_altar,
          hangedman_decor_lopped, trog_wizard
D:8:      lemuel_crystal_altar, elyvilon_altar_4, serial_shops,
          kennysheep_mini_moat, uniq_erica
D:9:      lemuel_crystal_altar
D:10:     david_orc_5, enter_trove_1, uniq_psyche
Temple:   pf_slimified_temple
Orc:1:    serial_shops, shop, nicolae_volcano_entry_two_sided
Orc:2:    st_orc_rangers, special_room
Volcano:  volcano_grotto

Skill      XL: |  1  2  3  4  5  6  7  8  9 10 11 12 |
---------------+-------------------------------------+-----
Poison Magic   | 4 5 6 |  6.2
Fighting       | 2 4 5 7 9 11 | 11.3
Spellcasting   | 3 4 |  4.0
Dodging        | 4 5 7 8 10 | 10.1
Maces & Flails | 2 5 7 |  7.1
Armour         | 4 7 |  7.0
Shields        | 6 |  6.0
Axes           | 8 11 | 11.6
Stealth        | |  1.7
Conjurations   | |  1.1

Action                   |  1- 3 |  4- 6 |  7- 9 | 10-12 || total
-------------------------+-------+-------+-------+-------++-------
Melee: Unarmed           |    22 |       |       |       ||    22
       Short sword       |    27 |       |       |       ||    27
       Whip              |     6 |    38 |    62 |       ||   106
       Flail             |       |       |   145 |   137 ||   282
       War axe           |       |       |       |   129 ||   129
 Cast: Sting             |    17 |       |       |       ||    17
       Poisonous Vapours |    24 |    22 |    43 |    54 ||   143
       Olgreb's Toxic Ra |       |     5 |    15 |    39 ||    59
 Abil: Hop               |     2 |     1 |     2 |     5 ||    10
Evoke: Wand              |       |       |     2 |    21 ||    23
  Use: Scroll            |     4 |     1 |     1 |     5 ||    11
       Potion            |       |       |     2 |     5 ||     7
 Stab: Sleeping          |     1 |       |     1 |     3 ||     5
       Distracted        |       |       |       |     1 ||     1
       Paralysed         |       |       |       |     3 ||     3
       Invisible         |       |       |       |     9 ||     9
       Confused          |       |       |       |     1 ||     1
  Eat: Chunk             |     3 |     5 |    11 |     9 ||    28
       Royal jelly       |       |       |       |     5 ||     5
Armor: Robe              |     8 |     3 |    36 |     7 ||    54
       Scale mail        |       |       |       |     8 ||     8
Dodge: Dodged            |    37 |    15 |   156 |   221 ||   429
Block: Buckler           |       |       |       |   166 ||   166
       Reflection        |       |       |       |    24 ||    24

Table legend:
 A = Spawn XP
 B = Non-spawn XP
 C = Spawn XP percentage of total XP
 D = Spawn monster count
 E = Non-spawn monster count
 F = Spawn count percentage of total count
 G = Total turns spent on level
                    A         B        C        D         E        F      G
               +---------+---------+-------+---------+---------+-------+---------
         Total |       0 |   28514 |   0.0 |       0 |     310 |   0.0 |  6358
               +---------+---------+-------+---------+---------+-------+---------
           D:1 |       0 |      36 |   0.0 |       0 |      22 |   0.0 |   736
           D:2 |       0 |      93 |   0.0 |       0 |      16 |   0.0 |   554
           D:3 |       0 |     222 |   0.0 |       0 |      25 |   0.0 |   459
           D:4 |       0 |     769 |   0.0 |       0 |      31 |   0.0 |   563
           D:5 |       0 |     425 |   0.0 |       0 |      11 |   0.0 |   519
           D:6 |       0 |     482 |   0.0 |       0 |      11 |   0.0 |   473
           D:7 |       0 |     661 |   0.0 |       0 |      16 |   0.0 |   471
           D:8 |       0 |    2157 |   0.0 |       0 |      28 |   0.0 |   613
           D:9 |       0 |    2580 |   0.0 |       0 |      24 |   0.0 |   505
          D:10 |       0 |    2300 |   0.0 |       0 |      36 |   0.0 |   278
         Orc:1 |       0 |    5789 |   0.0 |       0 |      21 |   0.0 |   476
         Orc:2 |       0 |    5183 |   0.0 |       0 |      51 |   0.0 |   117
       Volcano |       0 |    7817 |   0.0 |       0 |      18 |   0.0 |   582
               +---------+---------+-------+---------+---------+-------+---------
